 Dungeon Crawl Stone Soup version 0.30-a0-42-g806c11bf1d (webtiles) character file.

Game seed: 2596383875682080504

26254 IdlyInterested the Impaler (level 12, 0/92 HPs)
             Began as a Demonspawn Gladiator on Aug 30, 2022.
             Was a Priest of Makhleb.
             Slain by a death yak (15 damage)
             ... on level 4 of the Lair of Beasts.
             The game lasted 01:01:20 (18798 turns).

IdlyInterested the Impaler (Demonspawn Gladiator)  Turns: 18798, Time: 01:01:21

Health: 0/92       AC: 22    Str: 19    XL:     12   Next: 96%
Magic:  18/18      EV: 10    Int: 10    God:    Makhleb [***...]
Gold:   532        SH: 15    Dex: 15    Spells: 11/11 levels left

rFire   + . .      SeeInvis +    L - +0 spear (vamp)
rCold   . . .      Faith    .    u - +2 kite shield {rN+}
rNeg    + . .      Spirit   .    S - +2 plate armour {rF+}
rPois   .          Reflect  .    c - +2 helmet
rElec   .          Harm     .    (no cloak)
rCorr   .          Rampage  .    D - +0 pair of gloves
Will    .....                    (no boots)
Stlth   ..........               (no amulet)
HPRegen 0.25/turn                o - +4 ring of evasion
MPRegen 0.16/turn                y - ring of see invisible

@: mighty, studying Axes, unable to read
A: hooves 2, molten scales 1, spiny 2, condensation shield, inability to read
after injury 1
a: Renounce Religion, Minor Destruction, Lesser Servant of Makhleb


You were on level 4 of the Lair of Beasts.
You worshipped Makhleb.
Makhleb was most pleased with you.
You visited 3 branches of the dungeon, and saw 15 of its levels.
You also visited: Sewer, Bailey and Volcano.

You collected 1192 gold pieces.
You spent 660 gold pieces at shops.

Inventory:

Hand Weapons
 a - a +0 trident of protection
 k - a +0 spear of venom
 L - a +0 vampiric spear (weapon)
 N - a +0 spear of freezing
 T - a +2 glaive of flaming
Missiles
 d - 3 throwing nets
 e - a javelin
 A - 13 poisoned darts (quivered)
 C - 7 boomerangs
 P - 4 datura-tipped darts
 Q - 2 atropa-tipped darts
 X - 3 curare-tipped darts
Armour
 c - a +2 helmet (worn)
 h - a +0 chain mail of cold resistance
 l - a +2 crystal plate armour
 u - a +2 kite shield of positive energy (worn)
 v - a +1 hat
 D - a +0 pair of gloves (worn)
 G - the +2 hat "Fuuf Gun" {rF- rCorr Str-4 Dex+9}
   (You found it on level 8 of the Dungeon)

   Str:       It affects your strength (-4).
   Dex:       It affects your dexterity (+9).
   rF:        It makes you vulnerable to fire.
   rCorr:     It protects you from acid and corrosion.
 S - a +2 plate armour of fire resistance (worn)
Magical Staves
 K - a staff of death
Jewellery
 m - a ring of positive energy
 n - a ring of resist corrosion
 o - a +4 ring of evasion (left hand)
 w - a +6 ring of intelligence
 y - a ring of see invisible (right hand)
 H - a ring of willpower
 I - a ring of protection from cold
 J - a ring of protection from fire
Wands
 i - a wand of digging (2)
 j - a wand of polymorph (8)
 F - a wand of light (3)
 R - a wand of charming (3)
Scrolls
 b - 3 scrolls of fear
 g - 2 scrolls of magic mapping
 r - a scroll of brand weapon
 B - a scroll of amnesia
 E - 3 scrolls of identify
 M - 3 scrolls of teleportation
 O - a scroll of blinking
 V - 2 scrolls of fog
 W - a scroll of enchant weapon
Potions
 f - 5 potions of curing
 p - 3 potions of cancellation
 q - a potion of mutation
 s - a potion of heal wounds
 t - a potion of resistance
 x - a potion of flight
 z - 5 potions of brilliance


   Skills:
 - Level 8.0 Fighting
 + Level 15.5 Polearms
 - Level 1.7 Throwing
 - Level 8.0 Armour
 - Level 4.0 Dodging
 - Level 2.0 Stealth
 - Level 4.0 Shields
 - Level 8.0 Invocations
 * Level 1.1 Evocations


You had 11 spell levels left.
You didn't know any spells.
Your spell library contained the following spells:

 Spells                   Type           Power      Damage    Failure   Level
 Apportation              Tloc           0%         N/A       100%        1
 Necrotise                Necr           0%         1d4       100%        1
 Slow                     Hex            0%         N/A       100%        1
 Summon Small Mammal      Summ           0%         N/A       100%        1
 Ensorcelled Hibernation  Hex/Ice        0%         N/A       100%        2
 Static Discharge         Conj/Air       0%         3-3/arc   100%        2
 Confusing Touch          Hex            0%         N/A       100%        3
 Dazzling Flash           Conj/Hex       0%         N/A       100%        3
 Ignite Poison            Fire/Tmut/Pois 0%         N/A       100%        3
 Mephitic Cloud           Conj/Pois/Air  0%         N/A       100%        3
 Spider Form              Tmut/Pois      0%         N/A       100%        3
 Vampiric Draining        Necr           0%         2d6       100%        3
 Anguish                  Hex/Necr       0%         N/A       100%        4
 Agony                    Necr           0%         N/A       100%        5
 Alistair's Intoxication  Tmut/Pois      0%         N/A       100%        5
 Borgnjor's Vile Clutch   Necr/Erth      0%         N/A       100%        5
 Freezing Cloud           Conj/Ice/Air   0%         6-21      100%        5
 Lightning Bolt           Conj/Air       0%         1d11      100%        5
 Silence                  Hex/Air        0%         N/A       100%        5
 Summon Forest            Summ/Tloc      0%         N/A       100%        5
 Eringya's Noxious Bog    Tmut/Pois      0%         N/A       100%        6
 Summon Hydra             Summ           0%         N/A       100%        7
 Maxwell's Capacitive Co  Air            0%         ∞         100%        8


Dungeon Overview and Level Annotations

Branches:
Dungeon (10/15)            Temple (1/1) D:6            Lair (4/5) D:10
  Swamp (0/4) Lair:3       Spider (0/4) Lair:2          Orc (0/2) D:10
  Sewer (visited)          Bailey (visited)         Volcano (visited)
  Slime: Lair:4-5

Altars:
Ashenzari
Cheibriados
Dithmenos
Fedhas
Gozag
Hepliaklqana
Kikubaaqudgha
Makhleb
Nemelex Xobeh
Okawaru
Qazlal
Ru
Sif Muna
Trog
Uskayaw
Vehumet
Wu Jian
Xom
Yredelemnul

Shops:
D:2 =


Innate Abilities, Weirdness & Mutations

You have hoof-like feet.
You are partially covered in molten scales. (AC +2)
You are mostly covered in sharp spines.
A meltable shield of frost defends you. (SH +4)
You occasionally lose the ability to read scrolls when taking damage.


Message History

Unknown command.
You hit the death yak.
You feel better.
You kick the death yak, but do no damage.
The death yak is moderately wounded.
Unknown command.
You hit the death yak. You kick the death yak.
The death yak is heavily wounded.
The death yak is struck by your spines. The death yak gores you!
The death yak gores you. The death yak gores you!!
* * * LOW HITPOINT WARNING * * *
Unknown command.
A demon appears!
Your ynoxinul hits the death yak. You block the death yak's attack. x2
The death yak snorts and paws the ground.
You block the death yak's attack.
You hit the death yak. Your kick misses the death yak.
The death yak is heavily wounded.
Your ynoxinul gestures.
Unknown command.
You puncture the death yak!
The death yak is severely wounded.
The death yak is struck by your spines.
The death yak gores you but does no damage. x2
You block the death yak's attack.
Your orange demon stings the death yak but does no damage.
Your orange demon hits the death yak but does no damage.
Your ufetubus barely misses the death yak.
Your ufetubus hits the death yak. x2
Your ufetubus barely misses the death yak.
You hit the death yak.
The death yak is severely wounded.
Your ynoxinul hits the death yak. The death yak gores your ynoxinul!!
Your ynoxinul dies!
Your ynoxinul disappears in a puff of smoke!
Your ufetubus disappears in a puff of smoke! x3
The death yak gores you.
* * * LOW HITPOINT WARNING * * *
The death yak is struck by your spines. The death yak gores you!
You feel threatened and lose the ability to read scrolls!
You die...

####
#####P.###
#....§§Y@#
#.$...§YY#
+......§Y4#
#......$.+...
#P........#..#
##<........ ##
#........##
#.........


You could see 3 death yaks, a yak and a friendly orange demon (summoned).

Vanquished Creatures
  6 hydras
  2 two-headed ogres (D:9)
  2 death yaks (Lair:4)
  The ghost of ravioli the Summoner, a journeyman FeSu (Lair:2)
  2 lindwurms (Volcano)
  An orc knight (Bailey)
  An oklob plant (Lair:3)
  4 molten gargoyles (Volcano)
  An unseen horror (D:9)
  The ghost of Zonian the Sneak, a novice VSNe (D:6)
  A komodo dragon (Lair:2)
  2 efreet (Volcano)
  3 rime drakes
  4 cane toads
  A meliai (D:10)
  A troll (D:10)
  2 tyrant leeches (Lair:3)
  A polar bear (Lair:2)
  10 blink frogs
  A hornet (D:9)
  Sigmund (D:6)
  22 yaks
  2 wyverns
  A shadow (D:10)
  A basilisk (Lair:4)
  4 vampire mosquitoes (D:10)
  3 fire elementals (Volcano)
  2 steam dragons
  A swamp worm (Lair:3)
  6 water moccasins
  Pargi (Sewer)
  7 orc warriors
  An ice beast (D:6)
  A black bear (D:6)
  A sky beast (D:8)
  5 centaurs
  11 wolves
  A kobold brigand (D:10)
  9 bullfrogs
  3 scorpions
  2 gnoll sergeants
  2 earth elementals (Volcano)
  3 wights (D:8)
  3 howler monkeys
  3 jellies
  6 hounds
  4 orc priests
  9 orc wizards
  2 iguanas
  Natasha (thrice) (D:4)
  7 gnolls
  5 adders
  2 river rats (D:10)
  A shadow imp (D:5)
  A white imp (D:7)
  2 ufetubi
  2 worms
  2 dart slugs
  63 orcs
  5 ball pythons
  5 endoplasms
  6 giant cockroaches
  5 goblins
  6 hobgoblins
  10 jackals
  10 kobolds
  8 bats
  5 frilled lizards
  5 rats
  4 fire vortices (Volcano)
321 creatures vanquished.

Vanquished Creatures (others)
  An orc warrior (Bailey)
  A kobold (D:10)
  A fire vortex (Volcano)
  10 fungi
  18 plants
31 creatures vanquished.

Grand Total: 352 creatures vanquished

Notes
Turn   | Place    | Note
-------+----------+-------------------------------------------
     0 | D:1      | IdlyInterested the Demonspawn Gladiator began the quest for
                  | the Orb.
     0 | D:1      | Reached XP level 1. HP: 16/16 MP: 1/1
   230 | D:1      | Reached skill level 3 in Polearms
   293 | D:1      | Gained mutation: You have large cloven feet. [demonic
                  | ancestry]
   293 | D:1      | Reached XP level 2. HP: 22/22 MP: 2/2
   702 | D:1      | Found a faded altar of an unknown god.
   980 | D:2      | Reached skill level 1 in Armour
   986 | D:2      | Gained mutation: A meltable shield of frost defends you.
                  | (SH +4) [demonic ancestry]
   986 | D:2      | Reached XP level 3. HP: 25/27 MP: 3/3
  1024 | D:2      | Found a basalt altar of Yredelemnul.
  1044 | D:2      | Found Tegofrum's Jewellery Boutique.
  1830 | D:3      | Reached skill level 4 in Polearms
  1946 | D:3      | Found a sacrificial altar of Ru.
  1954 | D:3      | Reached XP level 4. HP: 33/33 MP: 4/4
  2247 | D:3      | Reached XP level 5. HP: 28/38 MP: 5/5
  2488 | D:4      | Reached skill level 1 in Invocations
  2549 | D:4      | Reached skill level 1 in Stealth
  2549 | D:4      | Reached skill level 1 in Shields
  2549 | D:4      | Reached skill level 1 in Evocations
  2555 | D:4      | Found a glowing drain.
  2580 | Sewer    | Entered a sewer
  2707 | Sewer    | Noticed Pargi
  2724 | Sewer    | Killed Pargi
  2725 | Sewer    | Reached skill level 5 in Polearms
  2725 | Sewer    | Gained mutation: You are partially covered in sharp spines.
                  | [demonic ancestry]
  2725 | Sewer    | Reached XP level 6. HP: 42/46 MP: 6/6
  3370 | D:4      | Noticed Natasha
  3377 | D:4      | Killed Natasha
  4121 | D:4      | Noticed Natasha
  4130 | D:4      | Killed Natasha
  4527 | D:4      | Noticed Natasha
  4540 | D:4      | Killed Natasha
  4697 | D:5      | Entered Level 5 of the Dungeon
  4977 | D:5      | Reached skill level 6 in Polearms
  4977 | D:5      | Gained mutation: You are partially covered in molten
                  | scales. (AC +2) [demonic ancestry]
  4977 | D:5      | Reached XP level 7. HP: 40/52 MP: 7/7
  5289 | D:5      | Found a shadowy altar of Dithmenos.
  5289 | D:5      | Found a blossoming altar of Fedhas.
  5502 | D:5      | Reached skill level 7 in Polearms
  5842 | D:2      | Bought a ring of see invisible for 165 gold pieces
  6068 | D:6      | Reached XP level 8. HP: 54/60 MP: 8/8
  6103 | D:6      | Noticed Sigmund
  6115 | D:6      | Killed Sigmund
  6255 | D:6      | Reached skill level 8 in Polearms
  6335 | D:6      | Found a runed translucent door.
  6759 | D:6      | Found a staircase to the Ecumenical Temple.
  7162 | D:6      | Noticed Zonian's ghost (novice VSNe)
  7185 | D:6      | Found a shimmering blue altar of Sif Muna.
  7254 | Temple   | Entered the Ecumenical Temple
  7484 | Temple   | Became a worshipper of Makhleb the Destroyer
  7555 | D:6      | Killed Zonian's ghost
  7556 | D:6      | Reached skill level 9 in Polearms
  7670 | D:7      | Found a flagged portal.
  7713 | Bailey   | Entered a bailey
  7735 | Bailey   | Gained mutation: You have hoof-like feet. [demonic
                  | ancestry]
  7735 | Bailey   | Reached XP level 9. HP: 59/65 MP: 9/9
  8086 | Bailey   | Noticed an orc knight
  8086 | Bailey   | Noticed an orc knight
  8114 | Bailey   | Noticed a rime drake
  8114 | Bailey   | an orc knight changed into a rime drake
  8119 | Bailey   | Reached skill level 10 in Polearms
  8123 | Bailey   | Killed a rime drake
  8380 | Bailey   | Killed an orc knight
  8814 | D:7      | Reached skill level 11 in Polearms
  8964 | D:7      | Reached * piety under Makhleb
  9547 | D:2      | Bought a ring of resist corrosion for 220 gold pieces
  9991 | D:8      | Identified the +2 hat "Fuuf Gun" {rF- rCorr Str-4 Dex+9}
 10055 | D:8      | Gained mutation: You are mostly covered in sharp spines.
                  | [demonic ancestry]
 10055 | D:8      | Reached XP level 10. HP: 8/72 MP: 13/13
 10511 | D:8      | Reached skill level 5 in Fighting
 10972 | D:2      | Bought a ring of willpower for 275 gold pieces
 11257 | D:9      | Noticed a two-headed ogre
 11279 | D:9      | Killed a two-headed ogre
 11281 | D:9      | HP: 2/74 [orc/+0 trident (6)]
 11719 | D:9      | Reached skill level 12 in Polearms
 11724 | D:9      | Found an ornate altar of the Wu Jian Council.
 11797 | D:9      | Found an ancient bone altar of Kikubaaqudgha.
 11907 | D:9      | Noticed a two-headed ogre
 11920 | D:9      | Killed a two-headed ogre
 12315 | D:9      | Paralysed by a hornet for 2 turns
 12328 | D:9      | Reached ** piety under Makhleb
 12739 | D:10     | Entered Level 10 of the Dungeon
 12839 | D:10     | Found a staircase to the Lair.
 13007 | D:10     | Reached skill level 13 in Polearms
 13033 | D:10     | Noticed a harpy
 13033 | D:10     | a troll changed into a harpy
 13034 | D:10     | a harpy changed into a meliai
 13039 | D:10     | Reached XP level 11. HP: 12/84 MP: 14/14
 13677 | D:10     | Found a staircase to the Orcish Mines.
 13741 | Lair:1   | Entered Level 1 of the Lair of Beasts
 13768 | Lair:1   | Noticed a four-headed hydra
 13784 | Lair:1   | Killed a four-headed hydra
 13795 | Lair:1   | Reached *** piety under Makhleb
 13857 | Lair:1   | Reached skill level 14 in Polearms
 13898 | Lair:1   | Found a dark tunnel.
 13919 | Volcano  | Entered a volcano
 13992 | Volcano  | Noticed a lindwurm
 13992 | Volcano  | Noticed a lindwurm
 14004 | Volcano  | Reached skill level 5 in Armour
 14022 | Volcano  | Killed a lindwurm
 14035 | Volcano  | Killed a lindwurm
 14978 | Lair:1   | Reached XP level 12. HP: 82/92 MP: 15/15
 14985 | Lair:1   | Reached **** piety under Makhleb
 15041 | Lair:1   | Found a hazy altar of Hepliaklqana.
 15989 | Lair:2   | Reached skill level 5 in Invocations
 16203 | Lair:2   | Found a runed translucent gate.
 16204 | Lair:2   | Found a runed translucent gate.
 16205 | Lair:2   | Found a runed translucent gate.
 16208 | Lair:2   | Noticed ravioli's ghost (journeyman FeSu)
 16208 | Lair:2   | Noticed a nine-headed hydra
 16208 | Lair:2   | Noticed a 12-headed hydra
 16472 | Lair:2   | Found a hole to the Spider Nest.
 16874 | Lair:2   | Killed a five-headed hydra
 16883 | Lair:2   | Killed ravioli's ghost
 16884 | Lair:2   | Reached skill level 15 in Polearms
 16887 | Lair:2   | Killed an eight-headed hydra
 16906 | Lair:2   | Identified the +5 scimitar of Peace {vorpal, Will- Str+7}
 17817 | Lair:3   | Noticed a five-headed hydra
 17836 | Lair:3   | Killed a four-headed hydra
 17891 | Lair:3   | Noticed a four-headed hydra
 17916 | Lair:3   | Killed a one-headed hydra
 18153 | Lair:3   | Found a staircase to the Swamp.
 18761 | Lair:3   | Gained mutation: You occasionally lose the ability to read
                  | scrolls when taking damage. [potion of mutation]
 18763 | Lair:4   | Noticed a death yak
 18763 | Lair:4   | Noticed a death yak
 18763 | Lair:4   | Noticed a death yak
 18763 | Lair:4   | Noticed a death yak
 18763 | Lair:4   | Noticed a death yak
 18763 | Lair:4   | Noticed a five-headed hydra
 18783 | Lair:4   | Killed a death yak
 18787 | Lair:4   | Killed a five-headed hydra
 18788 | Lair:4   | Killed a death yak
 18798 | Lair:4   | Slain by a death yak

Illustrated notes

Levels and vault maps discovered:
D:1:      scummos_arrival_checkerplants, layout_loops_ring,
          chequers_ecumenical_altar_lobes
D:2:      layout_rooms, basic_altar, serial_shops, shop_fountains
D:3:      layout_rooms, mainiacjoe_overflow_tiny_flanked, due_unseen_surprise
D:4:      layout_basic, serial_glass, glass_columns_a, glass_columns_a,
          glass_columns_b, glass_columns_a, cheibrodos_sewer_entry_drain,
          kennysheep_generic_room_3, uniq_natasha
D:5:      layout_loops_cross, zin_treasury,
          chequers_temple_overflow_statue_of_worship
D:6:      layout_layer_cave, general_overflow_altar, temple_doors_e,
          serial_glass, glass_columns_b, glass_columns_b,
          ebering_ghost_reflecting_pool, uniq_sigmund
D:7:      layout_basic, enter_bailey_5, kennysheep_generic_room_14
D:8:      layout_loops_cross, hangedman_decor_push
D:9:      layout_roguey, mainiacjoe_overflow_two_lobes,
          chequers_hall_statues_wall_a
D:10:     layout_cross, erik_lair_island, hiddenorc1_lemuel
Temple:   nicolae_temple_bog_church
Lair:1:   layout_chaotic_city, nicolae_volcano_entry_hallway, basic_altar,
          grunt_megastairs_2
Lair:2:   layout_loops_ring, spider_nest_entry_web_field,
          gammafunk_ghost_hydra_chop, serial_bayou_shore_b
Lair:3:   layout_regular_city, palyth_hydra_swamp_entry, grunt_megastairs_4
Lair:4:   layout_roguey, basic_altar, infiniplex_staircase_pool

Skill      XL: |  1  2  3  4  5  6  7  8  9 10 11 12 |
---------------+-------------------------------------+-----
Polearms       | 3 4 5 6 7 9 11 13 14 15 | 15.5
Armour         | 1 2 4 7 8 |  8.0
Invocations    | 1 4 8 |  8.0
Stealth        | 1 2 |  2.0
Shields        | 1 2 4 |  4.0
Evocations     | 1 |  1.1
Fighting       | 3 4 7 8 |  8.0
Dodging        | 4 |  4.0
Throwing       | |  1.7

Action                   |  1- 3 |  4- 6 |  7- 9 | 10-12 || total
-------------------------+-------+-------+-------+-------++-------
Melee: Trident           |   105 |   148 |   368 |   699 ||  1320
       Kick              |    13 |    30 |   112 |   266 ||   421
       Punch             |       |       |     3 |       ||     3
       Spear             |       |       |       |    37 ||    37
       Glaive            |       |       |       |    34 ||    34
Throw: Stone             |     3 |     4 |    16 |       ||    23
       Dart              |       |       |     2 |    18 ||    20
       Throwing net      |       |       |     2 |     1 ||     3
       Boomerang         |       |       |       |    30 ||    30
Invok: Lesser Servant of |       |       |       |     3 ||     3
Evoke: Wand              |       |     1 |     4 |    10 ||    15
  Use: Scroll            |     7 |     3 |    12 |     5 ||    27
       Potion            |       |       |     8 |     5 ||    13
 Stab: Sleeping          |     1 |       |       |     1 ||     2
       Invisible         |       |       |     3 |     3 ||     6
       Held in net/web   |       |       |     1 |     1 ||     2
Armor: Scale mail        |     4 |       |    52 |   108 ||   164
       Leather armour    |     1 |       |       |    17 ||    18
       Chain mail        |    29 |    58 |   142 |       ||   229
       Plate armour      |    27 |    32 |       |   191 ||   250
Dodge: Dodged            |    45 |    41 |   124 |   159 ||   369
Block: Other             |     7 |    27 |    40 |    10 ||    84
       Kite shield       |       |       |    62 |   372 ||   434

Table legend: (Time is in decaauts)
 A = Elapsed time spent in this place.
 B = Non-inter-level travel time spent in this place.
 C = Inter-level travel time spent in this place.
 D = Time resting spent in this place.
 E = Time spent auto-exploring this place.
 F = Levels seen in this place.
 G = Mean time per level.
                   A        B        C        D        E       F      G
               +--------+--------+--------+--------+--------+-----+--------+
         Total |  18717 |  15682 |   3035 |   3645 |   8212 |  18 | 1039.8 |
       Dungeon |  12188 |   9542 |   2646 |   2022 |   5436 |  10 | 1218.8 |
        Temple |    247 |    201 |     46 |      0 |    188 |   1 |  247.0 |
          Lair |   4086 |   3743 |    343 |    406 |   2526 |   4 | 1021.5 |
         Sewer |    318 |    318 |      0 |    113 |      0 |   1 |  318.0 |
        Bailey |   1020 |   1020 |      0 |    585 |     52 |   1 | 1020.0 |
       Volcano |    856 |    856 |      0 |    519 |      9 |   1 |  856.0 |
               +--------+--------+--------+--------+--------+-----+--------+

Top non-repeatable levels by time:
     D:4: 1995 daAuts
     D:9: 1723 daAuts
     D:6: 1484 daAuts
  Lair:3: 1436 daAuts
  Lair:2: 1350 daAuts
  Lair:1: 1274 daAuts
     D:5: 1213 daAuts
     D:2: 1116 daAuts
     D:8: 1062 daAuts
     D:7: 1035 daAuts
  Bailey: 1020 daAuts
     D:3: 992 daAuts
 Volcano: 856 daAuts
    D:10: 787 daAuts
     D:1: 778 daAuts
